 Dungeon Crawl Stone Soup version 0.23.2-30-g0e89c35649 (webtiles) character file.

Game seed: 4256479220520518566

12 eccles the Digger (level 2, 0/15 HPs)
             Began as a Gargoyle Earth Elementalist on June 9, 2019.
             Killed by a distortion unwield (15 damage)
             ... on level 1 of the Dungeon.
             The game lasted 00:05:15 (408 turns).

eccles the Digger (Gargoyle Earth Elementalist)      Turns: 408, Time: 00:05:16

Health: 0/15       AC:  4    Str: 11    XL:     2   Next: 33%
Magic:  5/5        EV: 12    Int: 15    God:
Gold:   33         SH:  0    Dex: 10    Spells: 4/5 levels left

rFire    . . .     SeeInvis .   (no weapon)
rCold    . . .     Gourm    .   (no shield)
rNeg     + . .     Faith    .   c - +0 robe
rPois    ∞         Spirit   .   (no helmet)
rElec    +         Reflect  .   (no cloak)
rCorr    .         Harm     .   (no gloves)
MR       .....                  (no boots)
Stlth    ++........             (no amulet)
HPRegen  0.05/turn              (no ring)
MPRegen  0.09/turn              (no ring)

@: no status effects
A: negative energy resistance 1, electricity resistance, unbreathing,
petrification resistance, rot immunity, AC +2
a: no special abilities


You were on level 1 of the Dungeon.
You were not hungry.

You visited 1 branch of the dungeon, and saw 1 of its levels.

You collected 33 gold pieces.

Inventory:

Hand Weapons
 e - a +0 dagger of distortion
 h - a +0 dagger of venom
Missiles
 b - 25 stones
 j - 6 javelins (quivered)
Armour
 c - a +0 robe (worn)
Scrolls
 a - a scroll of random uselessness {unknown}
 g - a scroll of remove curse {unknown}
 k - a scroll of identify {unknown}
Potions
 i - a potion of curing {unknown}
Comestibles
 d - a ration
 f - 6 chunks of flesh


   Skills:
 + Level 1.6 Dodging
 + Level 2.2 Stealth
 * Level 2.1 Spellcasting
   Level 0.7 Transmutations
 * Level 4.2 Earth Magic


You had 4 spell levels left.
You knew the following spells:

 Your Spells              Type           Power        Failure   Level  Hunger
a - Sandblast             Erth           ##....       3%          1    #......

Your spell library contained the following spells:

 Spells                   Type           Power        Failure   Level  Hunger
 Passwall                 Tmut/Erth      #.......     12%         2    ###....
 Stone Arrow              Conj/Erth      #.....       28%         3    ###....
 Petrify                  Tmut/Erth      #.......     61%         4    #####..
 Lee's Rapid Deconstruct  Erth           ##........   71%         5    ######.


Dungeon Overview and Level Annotations

Branches:
Dungeon (1/15)

Altars:


Innate Abilities, Weirdness & Mutations

You are resistant to torment.
Your stone body is resilient. (AC +2)
You are immune to poison.
You resist negative energy. (rN+)
You are resistant to electric shocks. (rElec)
You can survive without breathing.
You are immune to petrification.
You are immune to rotting.


Message History

There are no items here.
The goblin shouts!
You hit the goblin.
Space warps horribly around the goblin!
You kill the goblin!
You see here a goblin corpse.
You hit the goblin.
Space bends around the goblin.
You kill the goblin!
Found a grey potion.
You see here a +0 club.
You see here a goblin corpse.
You butcher the goblin corpse.
f - 6 chunks of flesh (gained 2)
You see here a goblin skeleton.
Wear which item? (? for menu, Esc to quit)
Okay, then.
Wield which item (- for none, * to show all)? (? for menu, Esc to quit)
Really unwield
e - a +0 dagger of distortion?
You are crushed and pinned by an extremely strong localised spatial distortion!
Ouch! That really hurt!
You die...

#.#........+.....#.......
#.#........#..##.#.......
#.##########..##....##.##
#...................##.#
######..##...###.......#
.............###.##.####
######.##........#...#
##.......#####...#
###...@...## #...####
..>......### #.......
...#..##)# ######...####
.........# #............
.....!#... .............
...#. #..###............
...# #..# ######..##.#.
#. ...# #..#.### ####
#...#)#.


There were no monsters in sight!

Vanquished Creatures
  A dart slug (D:1)
  A giant cockroach (D:1)
  4 goblins (D:1)
  A hobgoblin (D:1)
  2 bats (D:1)
  A rat (D:1)
10 creatures vanquished.

Notes
Turn   | Place    | Note
-------+----------+-------------------------------------------
     0 | D:1      | eccles the Gargoyle Earth Elementalist began the quest for
                  | the Orb.
     0 | D:1      | Reached XP level 1. HP: 10/10 MP: 3/3
   137 | D:1      | Reached skill level 4 in Earth Magic
   137 | D:1      | Reached XP level 2. HP: 9/15 MP: 5/5
   408 | D:1      | Killed by a distortion unwield

Skill      XL: |  1 |
---------------+----+-----
Earth Magic    | 4 |  4.2
Dodging        | |  1.6
Stealth        | |  2.2
Spellcasting   | |  2.1
Transmutations | |  0.7

Action                   || total
-------------------------++-------
Melee: Unarmed           ||     8
       Dagger            ||    23
 Cast: Sandblast         ||     5
 Stab: Sleeping          ||     1
Armor: Robe              ||    17
Dodge: Dodged            ||    24
